 Dungeon Crawl Stone Soup version 0.23.1 (webtiles) character file.

Game seed: 0

290144 Lauz the Executioner (level 19, -18/183 (185) HPs)
             Began as a Minotaur Berserker on Mar 14, 2019.
             Was the Champion of Trog.
             Killed from afar by a frost giant (44 damage)
             ... with a bolt of cold
             ... on level 3 of the Depths on Mar 15, 2019.
             The game lasted 02:27:02 (45582 turns).

Lauz the Executioner (Minotaur Berserker)          Turns: 45582, Time: 02:27:03

HP:   -18/183 (185) AC: 36    Str: 30    XL:     19   Next: 93%
MP:   27/27         EV: 14    Int: 10    God:    Trog [******]
Gold: 2866          SH: 24    Dex: 24    Spells: 18/18 levels left

rFire    + + .     SeeInvis +   S - +4 war axe of Cruel Justice {protect, *Corrode rF++ Dex+6}
rCold    . . .     Gourm    .   e - +3 shield "Udwei" {rN+}
rNeg     + + +     Faith    .   x - +9 plate armour of Afias Jecyn {rPois rN++ MR- Int+4}
rPois    +         Spirit   .   (helmet restricted)
rElec    .         Reflect  +   Y - +0 cloak
rCorr    .         Harm     .   H - +2 pair of gloves
MR       ++...                  y - +0 pair of boots {run}
Stlth    ..........             O - amulet of the Scarab {Reflect *Corrode +Blink MR++ MP+9 SH+2}
HPRegen  0.40/turn              F - ring of Zouvoiso {+Fly Dex+5}
MPRegen  0.20/turn              u - ring "Carhaith" {*Drain Int+4 Dex+3 Slay+3 SInv}

@: corroded, protection aura, slowed, very slow
A: retaliatory headbutt, horns 2, dopey 1
}: 2/15 runes: barnacled, gossamer
a: Berserk, Trog's Hand, Brothers in Arms, Renounce Religion, Evoke Blink, Evoke
Flight


You were on level 3 of the Depths.
You worshipped Trog.
Trog was exalted by your worship.
You were hungry.

You visited 6 branches of the dungeon, and saw 34 of its levels.
You visited the Abyss 1 time.
You also visited: Ossuary and Bailey.

You collected 4123 gold pieces.
You spent 1257 gold pieces at shops.

Inventory:

Hand Weapons
 a - a +5 battleaxe of chopping
 b - a +5 antimagic war axe
 i - the +8 hunting sling of Eternal War {venom, rElec Int+4}
   (You found it on level 4 of the Lair of Beasts)

   It poisons the ammo it fires.
   It affects your intelligence (+4).
   It insulates you from electricity.
 q - a +5 broad axe of flaming
 Q - the +8 glaive of the Guard {elec, +Rage AC+5 SInv}
   (You found it on level 2 of the Depths)

   Occasionally, upon striking a foe, it will discharge some electrical energy
   and cause terrible harm.
   It affects your AC (+5).
   It lets you see invisible.
   It lets you go berserk.
 S - the +4 war axe of Cruel Justice (weapon) {protect, *Corrode rF++ Dex+6}
   (You found it on level 8 of the Dungeon)

   It protects the one who uses it against injury (+AC on strike).
   It affects your dexterity (+6).
   It greatly protects you from fire.
   It may corrode you when you take damage.
Missiles
 M - 34 javelins of returning (quivered)
 X - 178 sling bullets
Armour
 e - the +3 shield "Udwei" (worn) {rN+}
   (You bought it in a shop on level 2 of the Orcish Mines)

   It protects you from negative energy.
 x - the +9 plate armour of Afias Jecyn (worn) {rPois rN++ MR- Int+4}
   (You found it on level 6 of the Lair of Beasts)

   It affects your intelligence (+4).
   It protects you from poison.
   It greatly protects you from negative energy.
   It affects your resistance to hostile enchantments.
 y - a +0 pair of boots of running (worn)
 H - a +2 pair of gloves (worn)
 Y - a +0 cloak (worn)
Jewellery
 d - an uncursed ring of poison resistance
 m - an uncursed ring of see invisible
 u - the ring "Carhaith" (right hand) {*Drain Int+4 Dex+3 Slay+3 SInv}
   (You bought it in a shop on level 2 of the Orcish Mines)

   [ring of intelligence]

   It affects your intelligence (+4).
   It affects your dexterity (+3).
   It affects your accuracy and damage with ranged weapons and melee attacks
   (+3).
   It lets you see invisible.
   It causes draining when unequipped.
 E - the ring of Ykorosko {rPois rC+ Str+5 Int-4 Dex-3}
   (You found it on level 3 of the Shoals)

   [ring of protection from cold]

   It affects your strength (+5).
   It affects your intelligence (-4).
   It affects your dexterity (-3).
   It protects you from cold.
   It protects you from poison.
 F - the ring of Zouvoiso (left hand) {+Fly Dex+5}
   (You found it on level 13 of the Dungeon)

   [ring of flight]

   It affects your dexterity (+5).
   It lets you fly.
 J - an uncursed ring of protection from fire
 O - the amulet of the Scarab (around neck) {Reflect *Corrode +Blink MR++ MP+9 SH+2}
   (You acquired it on level 4 of the Shoals)

   [amulet of reflection]

   It shields you and reflects attacks.
   It affects your resistance to hostile enchantments.
   It affects your magic capacity (+9).
   It lets you blink.
   It may corrode you when you take damage.
   It affects your SH (+2).
Wands
 r - a wand of iceblast (44)
 C - a wand of polymorph (37)
 I - a wand of digging (8)
 K - a wand of paralysis (26)
 P - a wand of acid (9)
 U - a wand of random effects (50)
 V - a wand of flame (22)
Scrolls
 f - 6 scrolls of enchant armour
 k - a scroll of holy word
 s - 21 scrolls of remove curse
 t - a scroll of fog
 v - 3 scrolls of magic mapping
 w - 8 scrolls of fear
 D - 11 scrolls of teleportation
 G - 2 scrolls of silence
 N - 8 scrolls of enchant weapon
 R - a scroll of blinking
 Z - a scroll of brand weapon
Potions
 g - 10 potions of might
 h - 3 potions of berserk rage
 j - 3 potions of brilliance
 l - 8 potions of ambrosia
 n - 4 potions of haste
 o - 8 potions of heal wounds
 p - 16 potions of curing
 z - 5 potions of invisibility
 A - 4 potions of magic
 B - 5 potions of agility
 T - 4 potions of mutation
 W - 5 potions of resistance
Comestibles
 c - 38 rations


   Skills:
 + Level 20.0 Fighting
 + Level 23.9 Axes
   Level 1.8(16.5) Maces & Flails
 + Level 16.7 Armour
 + Level 7.3 Dodging
 + Level 23.3 Shields
 - Level 0.1 Evocations


You had 18 spell levels left.
You didn't know any spells.
Your spell library was empty.

Dungeon Overview and Level Annotations

Branches:
Dungeon (15/15)            Temple (0/1) D:7            Lair (6/6) D:11
 Shoals (4/4) Lair:4       Spider (4/4) Lair:3        Slime (0/5) Lair:5
    Orc (2/2) D:11            Elf (0/3) Orc:2        Vaults (0/5) D:13
 Depths (3/5) D:15

Altars:
Elyvilon
Fedhas
Gozag
Kikubaaqudgha
Nemelex Xobeh
Okawaru
Ru
Sif Muna
Vehumet
Wu Jian
Beogh
Jiyva

Shops:
D:5 [   D:7 *   D:15 *   Orc:1 *   Orc:2 ([*=   Shoals:4 =

Portals:
Hell: Depths:1 Depths:2 Depths:3
Abyss: Depths:1
Pandemonium: Depths:3
Ziggurat: Depths:1
Trove: D:13 (give 12 potions of heal wounds)

Annotations:
D:13 exclusion: obsidian statue
Lair:2 exclusion: orange crystal statue


Innate Abilities, Weirdness & Mutations

You reflexively headbutt those who attack you in melee.
You have a pair of horns on your head.
You are dopey. (Int -2)


Message History

You hit the centaur warrior. The centaur warrior barely misses you.
You furiously retaliate!
You headbutt the centaur warrior!!
The rakshasa blinks!
You block the centaur warrior's attack. x2
You hit the frost giant but do no damage.
You headbutt the frost giant.
The frost giant is severely wounded.
You slash the centaur warrior! You hit the centaur warrior.
You barely miss the centaur warrior.
The centaur warrior unwields a +0 longbow.
You block the centaur warrior's attack.
The centaur warrior hits you but does no damage.
The frost giant gestures at you while chanting.
The bolt of cold hits you! The bolt of cold misses you.
The bolt of cold hits the centaur warrior!!!
You block the centaur warrior's attack. x2; The centaur warrior hits you.
The frost giant gestures at you while chanting.
The bolt of cold hits you!!!
* * * LOW HITPOINT WARNING * * *
The bolt of cold hits you!!!
You die...

#.. .. ...#....#....
#⌠.###.###.###...#.#..
.#...#...#...#....#....
i.DC.. #...#...#..'....
cC..###.###.###.)...#
...#...#...#.(÷>.#.
#)C§#...#....#..#.
##c###.###...#...#
#@C.#...#....#....
#(cc#..†#.....###[..
#⌠.###.###...##.#...
#.. #...#....#..>...
.............##.#....
#################.....
##..... #...... ##.....


You could see a frost giant, a fire giant and 3 centaur warriors.

Vanquished Creatures
  A juggernaut (Depths:2)
  Saint Roka (Orc:1)
  A caustic shrike (Depths:2)
  A golden dragon (Depths:2)
  A lich (Depths:1)
  2 tentacled monstrosities (Depths:2)
  A titan (Depths:2)
  2 tentacled starspawn (Abyss:3)
  Polyphemus (Shoals:2)
  2 shadow dragons
  2 tengu reavers
  3 fire giants (Depths:2)
  6 frost giants
  An orc warlord (Orc:2)
  A cacodemon (Abyss:3)
  4 ghost moths
  3 emperor scorpions (Spider:4)
  7 very ugly things
  8 stone giants
  The ghost of Tramtrist the Cleaver, a journeyman DDFi of Makhleb (Orc:1)
  3 entropy weavers
  Azrael (D:15)
  A vampire knight (Depths:3)
  A dire elephant (D:15)
  2 spark wasps
  3 merfolk javelineers (Shoals:4)
  5 ettins
  A blizzard demon (Abyss:3)
  4 fire dragons
  3 ogre magi
  2 great orbs of eyes
  2 yaktaur captains (Depths:2)
  A merfolk impaler (Shoals:1)
  Fannar (Lair:2)
  An ice dragon (Depths:3)
  11 hydras
  5 rakshasas
  Harold (Lair:1)
  4 catoblepae
  2 merfolk avatars
  2 spriggan air magi
  14 two-headed ogres
  8 centaur warriors
  5 merfolk aquamancers
  7 death yaks
  3 deep troll shamans (Depths:3)
  2 deep troll earth magi
  3 hell hogs (Abyss:3)
  A vampire mage (Depths:2)
  3 tengu warriors
  4 orc high priests (Orc:2)
  Urug (D:12)
  7 hell knights (Depths:3)
  2 spriggan berserkers (Depths:2)
  A sixfirhy (Abyss:3)
  A wretched star (Abyss:3)
  A deep elf knight (D:14)
  2 skeletal warriors (D:13)
  3 deep trolls (Depths:3)
  3 iron trolls (Depths:3)
  2 unseen horrors
  15 sea snakes
  3 flayed ghosts
  2 glowing orange brains (Depths:1)
  A sea snake (shapeshifter) (D:13)
  A swamp dragon (Lair:1)
  9 harpies
  3 necromancers
  A deep elf mage (D:15)
  An orb spider (shapeshifter) (D:13)
  28 wolf spiders
  4 orc sorcerers
  18 orb spiders
  16 cyclopes
  A manticore (shapeshifter) (Depths:3)
  26 ugly things
  6 orc knights
  7 manticores
  16 fauns
  4 moths of wrath
  5 oklob plants
  5 elephants
  11 merfolk sirens
  Maurice (Orc:1)
  A guardian serpent (shapeshifter) (Depths:1)
  3 water nymphs
  An eye of devastation (shapeshifter) (Depths:2)
  4 black mambas
  2 orange demons (Abyss:3)
  3 torpor snails
  2 large abominations (Abyss:3)
  3 gargoyles
  6 spiny frogs
  2 centaur skeletons
  A hellion (Abyss:3)
  A freezing wraith (D:15)
  A komodo dragon (shapeshifter) (D:13)
  7 komodo dragons
  7 yaktaurs
  3 kobold demonologists
  14 demonic crawlers
  3 tengu conjurers
  An efreet (D:15)
  3 meliai (Spider:4)
  A queen bee (Spider:4)
  6 trolls
  A queen bee (shapeshifter) (Depths:1)
  A merfolk (shapeshifter) (Depths:2)
  A polar bear (shapeshifter) (D:13)
  6 hornets
  31 jumping spiders
  17 merfolk
  A wind drake (Shoals:1)
  A hornet (shapeshifter) (Depths:1)
  6 hippogriffs
  13 blink frogs
  2 blink frogs (shapeshifter)
  31 slime creatures
  10 snapping turtles
  7 dream sheep (Lair:5)
  A harpy skeleton (D:13)
  11 water elementals
  5 shadows
  32 tarantellas
  4 wyverns
  A centaur simulacrum (D:15)
  A yak (shapeshifter) (D:13)
  4 wraiths
  69 redbacks
  31 yaks
  5 fire elementals (D:15)
  A neqoxec (Abyss:3)
  2 steam dragons
  2 basilisks
  3 hungry ghosts
  2 vampire mosquitoes (D:14)
  A warg (Orc:2)
  A soldier ant (D:14)
  3 acid dragons
  2 floating eyes (shapeshifter) (Depths:3)
  A floating eye (Depths:2)
  14 water moccasins
  3 hell hounds (D:15)
  6 porcupines
  An ice beast (shapeshifter) (Depths:2)
  2 eyes of draining
  An ice beast (D:5)
  3 sky beasts
  53 orc warriors
  A black bear (Lair:3)
  2 necrophages (D:7)
  6 phantoms
  16 ogres
  8 boggarts (D:14)
  19 centaurs
  9 crocodiles
  16 wolves
  An elf zombie (D:4)
  8 bullfrogs
  3 elf skeletons (D:4)
  A wyvern zombie (D:13)
  4 scorpions
  17 killer bees
  2 wights (D:7)
  An electric eel (Spider:2)
  6 crimson imps
  5 bullfrog zombies
  2 starcursed masses (Abyss:3)
  5 centaur zombies
  4 hounds
  3 lava snakes (Lair:2)
  12 orc priests
  4 bullfrog skeletons
  2 human skeletons (D:4)
  7 human zombies
  5 iguanas
  Terence (D:2)
  Jessica (D:2)
  29 orc wizards
  10 worker ants
  An ogre skeleton (D:7)
  A hound zombie (Ossuary)
  A hound skeleton (D:7)
  9 mummies
  4 worker ant zombies
  4 gnolls (D:9)
  A howler monkey skeleton (D:7)
  6 adders
  4 shadow imps
  A white imp (Abyss:3)
  3 adder zombies (Ossuary)
  5 worms
  5 dart slugs
  6 leopard geckos
  118 orcs
  5 ball pythons
  4 giant cockroaches
  16 hobgoblins
  A jackal (shapeshifter) (D:15)
  17 jackals
  9 kobolds
  5 quokkas
  14 bats
  5 frilled lizards
  A giant cockroach zombie (Ossuary)
  3 goblins
  A leopard gecko skeleton (D:4)
  3 leopard gecko zombies (Ossuary)
  2 orc zombies (D:4)
  9 rats
  A bush (Lair:6)
  4 fungi
  A lurking horror (Abyss:3)
  10 plants
  A starspawn tentacle (Abyss:3)
1321 creatures vanquished.

Vanquished Creatures (others)
  Ilsuiw (Shoals:4)
  3 merfolk javelineers (Shoals:4)
  3 satyrs (Shoals:4)
  A sea snake (Shoals:4)
  A cyclops (D:15)
  3 yaktaurs (Depths:2)
  3 orcs
  34 plants
  3 starspawn tentacles (Abyss:3)
  3 withered plants (Ossuary)
55 creatures vanquished.

Grand Total: 1376 creatures vanquished

Notes
Turn   | Place    | Note
-------+----------+-------------------------------------------
     0 | D:1      | Lauz the Minotaur Berserker began the quest for the Orb.
     0 | D:1      | Reached XP level 1. HP: 19/19 MP: 0/0
   136 | D:1      | Reached XP level 2. HP: 15/27 MP: 1/1
   550 | D:1      | Reached ** piety under Trog
   550 | D:1      | Reached XP level 3. HP: 28/33 MP: 2/2
   932 | D:2      | Noticed Terence
   941 | D:2      | Killed Terence
   941 | D:2      | Reached skill level 5 in Axes
   941 | D:2      | Reached XP level 4. HP: 25/40 MP: 3/3
  1076 | D:2      | Noticed Jessica
  1091 | D:2      | Killed Jessica
  1658 | D:3      | Found a sacrificial altar of Ru.
  1661 | D:3      | Reached *** piety under Trog
  1920 | D:3      | Reached XP level 5. HP: 44/47 MP: 4/4
  1954 | D:3      | Found a blossoming altar of Fedhas.
  2177 | D:3      | Found an iron altar of Okawaru.
  2177 | D:3      | Found a deep blue altar of Sif Muna.
  2469 | D:4      | Found a sand-covered staircase.
  2475 | Ossuary  | Entered an ossuary
  2599 | Ossuary  | Reached XP level 6. HP: 47/53 MP: 5/5
  2771 | Ossuary  | HP: 3/82 [bullfrog zombie (4)]
  2865 | Ossuary  | Reached **** piety under Trog
  2920 | Ossuary  | Reached skill level 5 in Fighting
  3239 | Ossuary  | Reached XP level 7. HP: 61/61 MP: 6/6
  4066 | D:4      | Reached skill level 10 in Axes
  4066 | D:4      | Reached XP level 8. HP: 68/70 MP: 7/7
  4443 | D:5      | Entered Level 5 of the Dungeon
  5103 | D:5      | Reached ***** piety under Trog
  5364 | D:5      | Found an ornate altar of the Wu Jian Council.
  5702 | D:5      | Found Zocelepsairi's Armour Shop.
  6714 | D:6      | Reached skill level 5 in Dodging
  6714 | D:6      | Reached XP level 9. HP: 37/78 MP: 8/8
  7065 | D:7      | Found Iceu's General Store.
  7118 | D:7      | Found a sparkling altar of Nemelex Xobeh.
  7161 | D:7      | Found a radiant altar of Vehumet.
  7233 | D:7      | Found a staircase to the Ecumenical Temple.
  7896 | D:7      | Found an ancient bone altar of Kikubaaqudgha.
  8024 | D:7      | Found a white marble altar of Elyvilon.
  8172 | D:8      | Found a flagged portal.
  8178 | Bailey   | Entered a bailey
  8364 | Bailey   | Received a gift from Trog
  8589 | Bailey   | Reached skill level 5 in Armour
  9499 | Bailey   | Reached XP level 10. HP: 50/86 MP: 9/9
 11694 | D:8      | Got a scorched war axe
 11695 | D:8      | Identified the +4 war axe of Cruel Justice {protect,
                  | *Corrode rF++ Dex+6} (You found it on level 8 of the
                  | Dungeon)
 12428 | D:9      | Reached skill level 1 in Shields
 12467 | D:9      | Received a gift from Trog
 12467 | D:9      | Reached skill level 15 in Axes
 12468 | D:9      | Found the +11 plutonium sword {*Contam Stlth-}
 12862 | D:10     | Entered Level 10 of the Dungeon
 12945 | D:10     | Noticed a two-headed ogre
 12957 | D:10     | Killed a two-headed ogre
 13161 | D:10     | Reached XP level 11. HP: 68/95 MP: 10/10
 13277 | D:10     | Noticed a two-headed ogre
 13283 | D:10     | Killed a two-headed ogre
 13384 | D:10     | Reached skill level 5 in Shields
 13494 | D:11     | Noticed a two-headed ogre
 13501 | D:11     | Killed a two-headed ogre
 13581 | D:11     | Found a staircase to the Orcish Mines.
 13638 | D:11     | Reached skill level 10 in Fighting
 13753 | D:11     | Found a staircase to the Lair.
 13755 | D:11     | Noticed an oklob plant
 13765 | D:11     | Killed an oklob plant
 14118 | D:11     | Received a gift from Trog
 14559 | D:12     | Found an opulent altar of Gozag.
 14683 | D:12     | Noticed Urug
 14685 | D:12     | Noticed a brown ugly thing
 14695 | D:12     | Killed Urug
 14704 | D:12     | Killed a brown ugly thing
 15150 | D:12     | Noticed an unseen horror
 15157 | D:12     | Killed an unseen horror
 15207 | D:12     | Reached XP level 12. HP: 106/106 MP: 11/11
 15427 | D:13     | Found a gate to the Vaults.
 15841 | D:13     | Noticed a two-headed ogre
 15844 | D:13     | Noticed a centaur warrior
 15853 | D:13     | Killed a two-headed ogre
 15855 | D:13     | Killed a centaur warrior
 15958 | D:13     | Noticed a centaur warrior
 15972 | D:13     | Killed a centaur warrior
 16069 | D:13     | Reached skill level 10 in Shields
 16070 | D:13     | Got a brightly glowing great mace
 16184 | D:13     | Identified the +5 great mace "Humaomit" {flame, +Rage rC+
                  | MR+} (You found it on level 13 of the Dungeon)
 16376 | D:13     | Got a pitted marble ring
 16523 | D:13     | Identified the ring of Zouvoiso {+Fly Dex+5} (You found it
                  | on level 13 of the Dungeon)
 16640 | D:13     | Reached skill level 10 in Armour
 16791 | D:13     | Found a portal to a secret trove of treasure.
 17105 | D:14     | Noticed a four-headed hydra
 17105 | D:14     | Noticed an eight-headed hydra
 17105 | D:14     | Noticed a four-headed hydra
 17106 | D:14     | Noticed a tengu warrior
 17177 | Lair:1   | Entered Level 1 of the Lair of Beasts
 17229 | Lair:1   | Noticed Harold
 17241 | Lair:1   | Killed Harold
 17319 | Lair:1   | Found a transporter.
 17413 | Lair:1   | Noticed Sonja
 17416 | Lair:1   | Noticed Sonja
 17416 | Lair:1   | Sonja changed into Sonja the acid dragon
 17423 | Lair:1   | Killed Sonja the acid dragon
 17750 | Lair:1   | Found a transporter.
 17756 | Lair:1   | Noticed a seven-headed hydra
 17769 | Lair:1   | Killed a seven-headed hydra
 18743 | Lair:2   | Reached skill level 1 in Maces & Flails
 18884 | Lair:2   | Reached XP level 13. HP: 116/116 MP: 12/12
 19028 | Lair:2   | Noticed Fannar
 19041 | Lair:2   | Killed Fannar
 19550 | Lair:3   | Found a hole to the Spider Nest.
 20857 | Lair:4   | Reached ****** piety under Trog
 20990 | Lair:4   | Got an ancient hunting sling
 20991 | Lair:4   | Identified the +8 hunting sling of Eternal War {venom,
                  | rElec Int+4} (You found it on level 4 of the Lair of
                  | Beasts)
 21053 | Lair:4   | Found a staircase to the Shoals.
 21303 | Lair:4   | Received a gift from Trog
 21306 | Lair:4   | Got a smoking broad axe {god gift}
 21307 | Lair:4   | Identified the +0 broad axe "Qanop" {freeze, *Rage +Rage
                  | rElec Dex+3} (Trog gifted it to you on level 4 of the Lair
                  | of Beasts)
 22156 | Lair:5   | Found a runed translucent door.
 22387 | Lair:5   | Found a viscous altar of Jiyva.
 22388 | Lair:5   | Found a staircase to the Slime Pits.
 22989 | Lair:6   | Entered Level 6 of the Lair of Beasts
 24000 | Lair:6   | Reached XP level 14. HP: 82/127 MP: 13/13
 24543 | Lair:6   | Got a translucent plate armour
 24554 | Lair:6   | Identified the +9 plate armour of Afias Jecyn {rPois rN++
                  | MR- Int+4} (You found it on level 6 of the Lair of Beasts)
 25230 | Lair:5   | Received a gift from Trog
 25781 | D:5      | Bought a +0 pair of boots of running for 346 gold pieces
 25934 | Orc:1    | Entered Level 1 of the Orcish Mines
 26124 | Orc:1    | Found Basitin's Assorted Antiques.
 26526 | Orc:1    | Found a runed translucent door.
 26527 | Orc:1    | Noticed Tramtrist's ghost (journeyman DDFi)
 26554 | Orc:1    | Killed Tramtrist's ghost
 26908 | Orc:2    | Entered Level 2 of the Orcish Mines
 26912 | Orc:2    | Found a roughly hewn altar of Beogh.
 27053 | Orc:2    | Noticed Saint Roka
 27055 | Orc:2    | Noticed Maurice
 27343 | Orc:1    | Killed Maurice
 27577 | Orc:1    | Killed Saint Roka
 27914 | Orc:2    | Found a staircase to the Elven Halls.
 27954 | Orc:2    | Noticed an orc warlord
 28179 | Orc:2    | Killed an orc warlord
 28838 | Orc:2    | Received a gift from Trog
 28910 | Orc:2    | Paralysed by an orc sorcerer for 5 turns
 28987 | Orc:2    | Found Cude's General Store.
 29120 | Orc:2    | Found Suvustem's Jewellery Emporium.
 29122 | Orc:2    | Found Tiumaumi's Antique Armour Emporium.
 29122 | Orc:2    | Found Xool's Antique Weapon Shoppe.
 29139 | Orc:2    | Bought a jewelled shield for 190 gold pieces
 29139 | Orc:2    | Identified the +3 shield "Udwei" {rN+} (You bought it in a
                  | shop on level 2 of the Orcish Mines)
 29159 | Orc:2    | Bought the ring "Carhaith" {*Drain Int+4 Dex+3 Slay+3 SInv}
                  | for 721 gold pieces
 29536 | Spider:1 | Entered Level 1 of the Spider Nest
 29573 | Spider:1 | Reached XP level 15. HP: 134/137 MP: 14/14
 29772 | Spider:1 | Noticed a ghost moth
 29787 | Spider:1 | Killed a ghost moth
 29787 | Spider:1 | Reached skill level 15 in Fighting
 30184 | Spider:2 | Received a gift from Trog
 30479 | Spider:2 | Reached skill level 15 in Shields
 31066 | Spider:2 | Noticed a ghost moth
 31073 | Spider:2 | Killed a ghost moth
 31333 | Spider:3 | Received a gift from Trog
 31831 | Spider:4 | Entered Level 4 of the Spider Nest
 32091 | Spider:4 | Reached XP level 16. HP: 138/149 MP: 15/15
 32183 | Spider:4 | Received a gift from Trog
 32302 | Spider:4 | Identified the cursed +2 flail "Woilohaf" {crush, rC+} (You
                  | found it on level 4 of the Spider Nest)
 32958 | Spider:4 | Got a gossamer rune of Zot
 33316 | Spider:4 | Received a gift from Trog
 33452 | Shoals:1 | Entered Level 1 of the Shoals
 33713 | Shoals:1 | Reached skill level 15 in Armour
 34308 | Shoals:2 | Found Cirrel's Jewellery Shoppe.
 34585 | Shoals:2 | Received a gift from Trog
 34882 | Shoals:2 | Noticed Polyphemus
 34901 | Shoals:2 | Killed Polyphemus
 35189 | Shoals:3 | Received a gift from Trog
 35189 | Shoals:3 | Reached XP level 17. HP: 147/159 MP: 16/16
 35226 | Shoals:3 | Identified the ring of Ykorosko {rPois rC+ Str+5 Int-4
                  | Dex-3} (You found it on level 3 of the Shoals)
 35812 | Shoals:4 | Entered Level 4 of the Shoals
 35867 | Shoals:4 | Identified a scroll of acquirement
 35872 | Shoals:4 | Identified the amulet of the Scarab {Reflect *Corrode
                  | +Blink MR++ MP+9 SH+2} (You acquired it on level 4 of the
                  | Shoals)
 35883 | Shoals:4 | Found Fucifedd's Jewellery Shop.
 36027 | Shoals:4 | Noticed Ilsuiw
 36519 | Shoals:4 | Killed Ilsuiw
 36758 | Shoals:4 | Got a barnacled rune of Zot
 37209 | Shoals:4 | Received a gift from Trog
 38254 | D:14     | Found a runed translucent door.
 38547 | D:14     | Received a gift from Trog
 38708 | D:14     | Identified the ring of Beomnar {Fire +Fly rElec rN++
                  | Slay-6} (You found it on level 14 of the Dungeon)
 38815 | D:15     | Entered Level 15 of the Dungeon
 39236 | D:15     | Found a staircase to the Depths.
 39311 | D:15     | Noticed Azrael
 39327 | D:15     | Reached XP level 18. HP: 110/169 MP: 17/17
 39503 | D:15     | Killed Azrael
 39611 | D:15     | Found Ofoitoiz's Assorted Antiques.
 39619 | D:15     | Identified the +4 plate armour "Hunkipav" {rPois}
 40219 | Depths:1 | Entered Level 1 of the Depths
 40527 | Depths:1 | Found a gateway to a ziggurat.
 40974 | Depths:1 | Noticed a lich
 40985 | Depths:1 | Cast into level 3 of the Abyss (a lich)
 41021 | Abyss:3  | Received a gift from Trog
 41021 | Abyss:3  | Gained mutation: You are dopey. (Int -2) [a cacodemon]
 41062 | Abyss:3  | Found a snail-covered altar of Cheibriados.
 41168 | Abyss:3  | Found a snail-covered altar of Cheibriados.
 41241 | Abyss:3  | Found a snail-covered altar of Cheibriados.
 41315 | Depths:1 | Escaped the Abyss
 41321 | Depths:1 | Killed a lich
 41520 | Depths:1 | Found a one-way gate to the infinite horrors of the Abyss.
 41762 | Depths:1 | Found a gateway to Hell.
 42156 | Depths:2 | Received a gift from Trog
 42644 | Depths:2 | Identified the +4 scimitar "Heuz" {flame, +Inv rPois rC++}
 42650 | Depths:2 | Noticed a tentacled monstrosity
 42665 | Depths:2 | Killed a tentacled monstrosity
 42665 | Depths:2 | Reached XP level 19. HP: 158/181 MP: 18/18
 42670 | Depths:2 | Noticed a caustic shrike
 42910 | Depths:2 | Killed a caustic shrike
 42933 | Depths:2 | Noticed a juggernaut
 42934 | Depths:2 | Paralysed by a floating eye for 3 turns
 42946 | Depths:2 | Paralysed by a floating eye for 4 turns
 42952 | Depths:2 | Noticed a golden dragon
 42958 | Depths:2 | Paralysed by a floating eye for 4 turns
 42959 | Depths:2 | Identified the +9 dagger "Cuorph" {pierce, +Fly Str+2}
 43318 | Depths:2 | Killed a golden dragon
 43326 | Depths:2 | Killed a juggernaut
 43566 | Depths:2 | Found the +8 glaive of the Guard {elec, +Rage AC+5 SInv}
 44709 | Depths:3 | Received a gift from Trog
 44993 | Depths:3 | Found a one-way gate leading to the halls of Pandemonium.
 45582 | Depths:3 | Killed from afar by a frost giant

Skill      XL: |  1  2  3  4  5  6  7  8  9 10 11 12 13 14 15 16 17 18 19 |
---------------+----------------------------------------------------------+-----
Axes           | 4 5 7 8 10 12 13 15 16 17 18 20 21 22 23 | 23.9
Fighting       | 4 5 6 7 9 10 12 13 14 15 17 19 20 | 20.0
Dodging        | 3 5 6 7 |  7.3
Armour         | 5 6 9 10 12 13 14 15 16 | 16.7
Shields        | 4 8 13 16 19 21 22 23 | 23.3
Maces & Flails | 1 |  1.8
Evocations     | |  0.1

Action                   |  1- 3 |  4- 6 |  7- 9 | 10-12 | 13-15 | 16-18 | 19-21 || total
-------------------------+-------+-------+-------+-------+-------+-------+-------++-------
Melee: Hand axe          |    75 |   172 |   318 |       |       |       |       ||   565
       Headbutt          |    13 |    38 |   100 |   180 |   302 |   522 |   136 ||  1291
       War axe           |       |       |   185 |   620 |   446 |  1335 |   294 ||  2880
       Battleaxe         |       |       |       |    16 |   556 |       |       ||   572
       Great mace        |       |       |       |     3 |    20 |       |       ||    23
       Broad axe         |       |       |       |       |       |       |    72 ||    72
Throw: Javelin           |       |       |     5 |     9 |       |       |     2 ||    16
Invok: Berserk           |     1 |     1 |     3 |     5 |     3 |     7 |     1 ||    21
       Trog's Hand       |       |       |     1 |       |     1 |     4 |       ||     6
 Abil: Evoke Flight      |       |       |       |       |       |     7 |       ||     7
Evoke: Wand              |       |       |       |     3 |       |       |       ||     3
  Use: Scroll            |       |     4 |       |     3 |    30 |     9 |     5 ||    51
       Potion            |       |       |       |     1 |       |       |       ||     1
 Stab: Sleeping          |     2 |       |     6 |       |       |       |       ||     8
       Distracted        |       |     1 |     1 |       |       |       |       ||     2
       Petrified         |       |       |       |       |     3 |       |       ||     3
       Petrifying        |       |       |       |       |     1 |       |       ||     1
       Held in net/web   |       |       |       |       |       |     1 |       ||     1
  Eat: Chunk             |       |     6 |    15 |    29 |    28 |    28 |     4 ||   110
       Ration            |       |     1 |     3 |     2 |     5 |     4 |     2 ||    17
Armor: Animal skin       |    23 |    12 |    13 |       |       |       |       ||    48
       Plate armour      |       |       |   111 |   278 |   606 |   540 |   141 ||  1676
       Chain mail        |       |       |     7 |       |       |       |       ||     7
Dodge: Dodged            |    58 |   100 |   245 |   189 |   441 |   404 |    95 ||  1532
Block: Shield            |       |       |       |   250 |   421 |  1275 |   317 ||  2263
       Reflection        |       |       |       |       |       |   119 |    21 ||   140
